 Dungeon Crawl Stone Soup version 0.19-a0-376-gf780d9b (webtiles) character file.

57 Loading the Ruffian (level 3, 0/36 HPs)
             Began as a Troll Monk on May 30, 2016.
             Slain by Terence
             ... wielding a +0 mace of crushing
              (2 damage)
             ... on level 2 of the Dungeon.
             The game lasted 00:02:16 (945 turns).

Loading the Ruffian (Troll Monk)                     Turns: 945, Time: 00:02:16

Health: 0/36       AC: -1    Str: 19    XL:     3   Next: 73%
Magic:  2/2        EV: 11    Int:  6    God:
Gold:   68         SH:  0    Dex: 13    Spells: 0 memorised, 2 levels left

rFire  . . .     SeeInvis .       - Unarmed
rCold  . . .     Gourm    +     a - +1 robe
rNeg   . . .     Faith    .     (no shield)
rPois  .         Spirit   .     (helmet restricted)
rElec  .         Dismiss  .     (no cloak)
rCorr  .         Reflect  .     (gloves unavailable)
SustAt .         Harm     .     (boots unavailable)
MR     .....                    (no amulet)
Stlth  +.........               i - -3 ring of protection (curse)
                                e - -4 ring of protection (curse)

@: not resistant to hostile enchantments, very unstealthy
A: unfitting armour, claws 3, fast metabolism 3, gourmand, regeneration 2,
shaggy fur 1, tough skin 2
a: no special abilities


You were on level 2 of the Dungeon.
You were completely stuffed.

You visited 1 branch of the dungeon, and saw 2 of its levels.

You collected 68 gold pieces.

Inventory:

Armour
 a - a +1 robe (worn)
Jewellery
 d - an uncursed ring of sustain attributes
 e - a cursed -4 ring of protection (left claw)
 i - a cursed -3 ring of protection (right claw)
Potions
 c - a potion of might {unknown}
 h - a potion of agility {unknown}
 j - a potion of invisibility {unknown}
 k - a potion of heal wounds {unknown}
 l - a potion of brilliance {unknown}
Comestibles
 b - 2 bread rations
 f - a meat ration
 g - 3 fruits


   Skills:
 + Level 2.7 Fighting
 + Level 2.8 Dodging
 - Level 1.1 Stealth
 * Level 4.9 Unarmed Combat


You had 2 spell levels left.
You didn't know any spells.

Dungeon Overview and Level Annotations

Branches:
Dungeon (2/15)

Altars:

Annotations:
D:2 Terence


Innate Abilities, Weirdness & Mutations

You are too large for most types of armour.
You have claws for hands.
Your metabolism is lightning-fast.
You like to eat raw meat.
You heal very quickly.
You are covered in fur. (AC +1)
You have very tough skin. (AC +2)


Message History

You are too injured to fight recklessly!
You are too injured to fight recklessly!
You are too injured to fight recklessly!
You are too injured to fight recklessly!
You are too injured to fight recklessly!
You are too injured to fight recklessly!
You are too injured to fight recklessly!
You are too injured to fight recklessly!
You are too injured to fight recklessly!
You are too injured to fight recklessly!
You are too injured to fight recklessly!
You are too injured to fight recklessly!
You are too injured to fight recklessly!
You are too injured to fight recklessly!
You are too injured to fight recklessly!
You scratch Terence.
Terence is almost dead.
Terence hits you with a mace of crushing!
* * * LOW HITPOINT WARNING * * *
You die...

....##.............#
##..##.............#
.#..##.............#
...###.............#
.#####.............#
........######.....#
.....#### #.....####
#.##.# ##........#
...#.# #...@.....#
####.# #..@##....#
...#.########...#
.>..#
............#...#
....#
##.#........#...
....#
#.#........#... ...#
#.#........#... ###
#.#.....<..#...
#.#........#


You could see Terence.

Vanquished Creatures
  3 adders (D:2)
  An ooze (D:1)
  2 dart slugs (D:1)
  3 bats (D:1)
  2 giant cockroaches
  2 goblins (D:1)
  2 hobgoblins (D:1)
  A ball python (D:1)
  2 giant newts (D:1)
  4 kobolds (D:1)
  4 rats (D:1)
26 creatures vanquished.

Notes
Turn   | Place    | Note
--------------------------------------------------------------
     0 | D:1      | Loading the Troll Monk began the quest for the Orb.
     0 | D:1      | Reached XP level 1. HP: 22/22 MP: 0/0
   126 | D:1      | Reached XP level 2. HP: 29/29 MP: 1/1
   627 | D:1      | Reached XP level 3. HP: 36/36 MP: 2/2
   930 | D:2      | Noticed Terence
   945 | D:2      | Slain by Terence

Vault maps used:
D:1:      lightli_arrival_maybe_door_vault
D:2:      marbit_many_paths, lemuel_crystal_altar, first_bread,
          nicolae_ru_path_of_blood, uniq_terence

Action                   || total
-------------------------++-------
Melee: Unarmed           ||    82
  Use: Scroll            ||     7
 Stab: Sleeping          ||     2
  Eat: Chunk             ||    14
Armor: Robe              ||    20
Dodge: Dodged            ||    42
